 Dungeon Crawl Stone Soup version 0.32-a0-975-g85d4e5bfdb (webtiles) character file.

Game seed: 3054522244312750989

320781 Essalna the Metallomancer (level 21, -5/151 HPs)
             Began as a Gargoyle Fire Elementalist on Apr 18, 2024.
             Was the Champion of Vehumet.
             Killed from afar by a battlesphere (9 damage)
             ... created by GeoRichter's ghost
             ... on level 3 of the Elven Halls on Apr 19, 2024.
             The game lasted 02:16:01 (58613 turns).

Essalna the Metallomancer (GrFE)                   Turns: 58613, Time: 02:16:01

Health: -5/151     AC: 21    Str: 14    XL:     21   Next: 51%
Magic:  5/57       EV: 27    Int: 39    God:    Vehumet [******]
Gold:   3635       SH:  8    Dex: 13    Spells: 11/48 levels left

rFire   + . .        S - +8 trident of Xylu Hid {protect, Will- MP+9 Int+8 Stlth+}
rCold   + + +        x - +2 buckler
rNeg    + . .        P - +0 troll leather armour
rPois   ∞            (no helmet)
rElec   +            r - scarf of the Untouchables {+Inv, rC+ Int+3}
rCorr   .            q - -1 pair of gloves of Integrity {+Inv rC+ Stlth+}
SInv    +            o - +0 pair of boots
Will    .....        n - amulet of Jyaniaw {Acrobat MP+9 SInv}
Stlth   ++++         y - ring "Ycketsek" {Wiz rPois Int+3}
HPRegen 1.25/turn    E - ring "Raus" {rElec rC+ Dex+3}
MPRegen 0.35/turn

%: acrobat, wizardry (x1)
@: about to teleport, acrobatic, flying, studying Armour
A: sickness immunity, AC +16, big wings, negative energy resistance 1,
electricity resistance, torment resistance 1, petrification resistance, fire
resistance 1, mutation resistance 1
}: 2/15 runes: barnacled, gossamer
a: Renounce Religion, Evoke Invisibility


You were on level 3 of the Elven Halls.
You worshipped Vehumet.
Vehumet was exalted by your worship.
You visited 7 branches of the dungeon, and saw 34 of its levels.
You visited the Abyss 2 times.
You also visited: Trove, Gauntlet, Ice Cave and Wizlab.

You collected 4591 gold pieces.
You spent 956 gold pieces at shops.

Inventory:

Hand Weapons
 S - the +8 trident of Xylu Hid (weapon) {protect, Will- MP+9 Int+8 Stlth+}
   (You found it on level 5 of the Lair of Beasts)

   Int+8:     It affects your intelligence (+8).
   Will-:     It decreases your willpower.
   MP+9:      It affects your magic capacity (+9).
   Stlth+:    It makes you more stealthy.
Missiles
 f - 7 silver javelins
Armour
 o - a +0 pair of boots (worn)
 q - the -1 pair of gloves of Integrity (worn) {+Inv rC+ Stlth+}
   (You bought it in a shop on level 2 of the Orcish Mines)

   rC+:       It protects you from cold.
   +Inv:      It lets you turn invisible.
   Stlth+:    It makes you more stealthy.
 r - the scarf of the Untouchables (worn) {+Inv, rC+ Int+3}
   (You acquired it on level 3 of the Spider Nest)

   Int+3:     It affects your intelligence (+3).
   rC+:       It protects you from cold.
 x - a +2 buckler (worn)
 D - the +0 helmet "Ziodayz" {Int+4}
   (You found it on level 3 of the Shoals)

   Int+4:     It affects your intelligence (+4).
 P - a +0 troll leather armour (worn)
Magical Staves
 F - a staff of fire
 L - a staff of air
Jewellery
 j - the ring of the Butterfly {*Slow rCorr AC+4 SInv}
   (You took it off a deep elf sorcerer on level 3 of the Elven Halls)

   [ring of protection]

   AC+4:      It affects your AC (+4).
   SInv:      It lets you see invisible.
   rCorr:     It protects you from acid and corrosion.
   *Slow:     It may slow you when you take damage.
 n - the amulet of Jyaniaw (around neck) {Acrobat MP+9 SInv}
   (You found it on level 2 of the Shoals)

   [amulet of the acrobat]

   Acrobat:   It increases your evasion while moving and waiting.
   MP+9:      It affects your magic capacity (+9).
   SInv:      It lets you see invisible.
 y - the ring "Ycketsek" (left hand) {Wiz rPois Int+3}
   (You found it in a Gauntlet)

   [ring of wizardry]

   Wiz:       It improves your spell success rate.
   Int+3:     It affects your intelligence (+3).
   rPois:     It protects you from poison.
 C - the amulet "Mughegocs" {Reflect Dex+5 SH+5 Stlth+}
   (You found it on level 14 of the Dungeon)

   [amulet of reflection]

   Reflect:   It reflects blocked missile attacks.
   Dex+5:     It affects your dexterity (+5).
   SH+5:      It affects your SH (+5).
   Stlth+:    It makes you more stealthy.
 E - the ring "Raus" (right hand) {rElec rC+ Dex+3}
   (You found it in an ice cave)

   [ring of protection from cold]

   Dex+3:     It affects your dexterity (+3).
   rC+:       It protects you from cold.
   rElec:     It insulates you from electricity.
 G - the ring of Haipty {Ice rElec Str-4 Dex+2 Stlth+}
   (You found it on level 1 of the Lair of Beasts)

   [ring of ice]

   Ice:       It enhances your ice magic.
   Str-4:     It affects your strength (-4).
   Dex+2:     It affects your dexterity (+2).
   rF-:       It makes you vulnerable to fire.
   rC+:       It protects you from cold.
   rElec:     It insulates you from electricity.
   Stlth+:    It makes you more stealthy.
 I - the ring "Zoemarazeo" {Fly rN+ Will- rCorr Int+3}
   (You found it in a Gauntlet)

   [ring of resist corrosion]

   Int+3:     It affects your intelligence (+3).
   rN+:       It protects you from negative energy.
   Will-:     It decreases your willpower.
   Fly:       It grants you flight.
   rCorr:     It protects you from acid and corrosion.
 M - an amulet of reflection
 N - the amulet of Uveleafu {Acrobat -Tele *Slow +Inv Dex+6}
   (You took it off a deep elf zephyrmancer on level 3 of the Elven Halls)

   [amulet of the acrobat]

   Acrobat:   It increases your evasion while moving and waiting.
   Dex+6:     It affects your dexterity (+6).
   +Inv:      It lets you turn invisible.
   -Tele:     It prevents most forms of teleportation.
   *Slow:     It may slow you when you take damage.
 W - the amulet of Qieniacw {Faith rPois rC+ rCorr}
   (You found it in an ice cave)

   [amulet of faith]

   Faith:     It allows you to gain divine favour quickly.
   rC+:       It protects you from cold.
   rPois:     It protects you from poison.
   rCorr:     It protects you from acid and corrosion.
Wands
 k - a wand of iceblast (49)
 A - a wand of polymorph (18)
 J - a wand of flame (45)
 K - a wand of paralysis (17)
 Q - a wand of digging (12)
Scrolls
 a - 8 scrolls of identify
 d - 4 scrolls of blinking
 g - 5 scrolls of teleportation
 m - 9 scrolls of immolation
 s - 10 scrolls of fog
 t - 12 scrolls of amnesia
 u - 9 scrolls of noise
 v - 6 scrolls of enchant armour
 B - 11 scrolls of enchant weapon
 O - a scroll of butterflies {unknown}
 R - 2 scrolls of revelation
 Y - a scroll of fear
 Z - 8 scrolls of vulnerability
Potions
 b - 4 potions of resistance
 c - 13 potions of lignification
 h - 2 potions of heal wounds
 i - 5 potions of attraction
 l - 5 potions of invisibility
 p - 7 potions of mutation
 w - a potion of brilliance
 H - 5 potions of enlightenment
 T - 2 potions of cancellation
 U - 9 potions of haste
 V - 29 potions of degeneration
 X - 7 potions of curing
Miscellaneous
 e - a condenser vane
 z - a phantom mirror


   Skills:
 - Level 22.0 Fighting
 + Level 8.4 Armour
 + Level 5.7 Dodging
 - Level 2.1 Stealth
 + Level 8.3 Shields
 - Level 14.0 Spellcasting
 - Level 4.0 Conjurations
 - Level 5.0 Fire Magic
 + Level 12.9 Ice Magic
 - Level 8.0 Air Magic
 + Level 24.4 Earth Magic
 - Level 8.0 Alchemy


You had 11 spell levels left.
You knew the following spells:

 Your Spells              Type           Power      Damage    Failure   Level
a - Foxfire               Conj/Fire      100%       2x1d9     1%          1
b - Scorch                Fire           100%       2d9       1%          2
c - Permafrost Eruption   Ice/Erth       53%        2x4d12    1%          6
d - Seismic Cannonade     Alch/Erth      50%        6d16      1%          7
e - Magnavolt             Erth/Air       50%        3d21      1%          7
f - Iskenderun's Battles  Conj           55%        2d11      1%          5
g - Shatter               Erth           60%        3d45*     1%          9

Your spell library contained the following spells:

 Spells                   Type           Power      Damage    Failure   Level
 Polar Vortex             Ice            45%        12d6*     58%         9
 Chain Lightning          Conj/Air       32%        3d43      99%         9
 Fire Storm               Conj/Fire      29%        8d7       99%         9
 Freeze                   Ice            100%       1d10      0%          1
 Sandblast                Erth           100%       2d20      0%          1
 Frozen Ramparts          Ice            100%       1d16      0%          3
 Stone Arrow              Conj/Erth      100%       3d13      0%          3
 Lee's Rapid Deconstruct  Erth           60%        3d28*     0%          5
 Kiss of Death            Conj/Necr      100%       2d13      1%          1
 Summon Small Mammal      Summ           100%       N/A       1%          1
 Blink                    Tloc           54%        N/A       1%          2
 Lesser Beckoning         Tloc           54%        N/A       1%          2
 Momentum Strike          Conj/Tloc      84%        3d10      1%          2
 Dazzling Flash           Conj/Hex       84%        N/A       1%          3
 Hailstorm                Conj/Ice       76%        3d13      1%          3
 Inner Flame              Hex/Fire       46%        N/A       1%          3
 Mephitic Cloud           Conj/Alch/Air  68%        N/A       1%          3
 Ozocubu's Armour         Ice            91%        N/A       1%          3
 Summon Ice Beast         Ice/Summ       67%        N/A       1%          3
 Volatile Blastmotes      Fire/Tloc      92%        2d17      1%          3
 Animate Armour           Summ/Erth      100%       N/A       1%          4
 Brom's Barrelling Bould  Conj/Erth      95%        2d10      1%          4
 Flame Wave               Conj/Fire      58%        2d14      1%          4
 Fulminant Prism          Conj/Alch      32%        3d15      1%          4
 Ignite Poison            Fire/Alch      67%        N/A       1%          4
 Iskenderun's Mystic Bla  Conj/Tloc      42%        2d10      (+2d51%     4
 Leda's Liquefaction      Alch/Erth      50%        N/A       1%          4
 Olgreb's Toxic Radiance  Alch           74%        N/A       1%          4
 Petrify                  Alch/Erth      100%       N/A       1%          4
 Summon Lightning Spire   Summ/Air       55%        N/A       1%          4
 Vhi's Electric Charge    Tloc/Air       100%       N/A       1%          4
 Alistair's Intoxication  Alch           49%        N/A       1%          5
 Arcjolt                  Conj/Air       32%        1d42      1%          5
 Fireball                 Conj/Fire      29%        3d13      1%          5
 Irradiate                Conj/Alch      32%        3d22      1%          5
 Metabolic Englaciation   Hex/Ice        33%        N/A       1%          5
 Yara's Violent Unravell  Hex/Alch       27%        3d12      1%          5
 Bombard                  Conj/Erth      47%        9d8       1%          6
 Sculpt Simulacrum        Ice/Alch       41%        N/A       1%          6
 Call Canine Familiar     Summ           27%        N/A       2%          3
 Confusing Touch          Hex            27%        N/A       2%          3
 Maxwell's Portable Pile  Tloc           27%        2d(7-21)  2%          3
 Teleport Other           Tloc           27%        N/A       2%          3
 Conjure Ball Lightning   Conj/Air       32%        3x3d10    2%          6
 Plasma Beam              Fire/Air       33%        2x1d46    2%          6
 Starburst                Conj/Fire      29%        6d9       4%          6
 Lehudib's Crystal Spear  Conj/Erth      47%        10d11     4%          8
 Anguish                  Hex/Necr       13%        N/A       8%          4
 Animate Dead             Necr           27%        N/A       8%          4
 Dimensional Bullseye     Hex/Tloc       13%        N/A       8%          4
 Dispel Undead            Necr           27%        3d13      8%          4
 Summon Forest            Summ/Tloc      13%        N/A       21%         5
 Summon Mana Viper        Hex/Summ       27%        N/A       21%         5
 Maxwell's Capacitive Co  Air            37%        ∞         38%         8
 Spellforged Servitor     Conj/Summ      21%        N/A       47%         7
 Fulsome Fusillade        Conj/Alch      32%        (3-5)d11  61%         8
 Summon Cactus Giant      Summ           13%        N/A       71%         6
 Ignition                 Fire           30%        3d10      73%         8
 Enfeeble                 Hex            13%        N/A       99%         7
 Haunt                    Necr/Summ      13%        N/A       99%         7
 Borgnjor's Revivificati  Necr           13%        N/A       100%        8
 Discord                  Hex            13%        N/A       100%        8
 Disjunction              Tloc           13%        N/A       100%        8
 Infestation              Necr           13%        N/A       100%        8
 Death's Door             Necr           13%        N/A       100%        9
 Dragon's Call            Summ           13%        N/A       100%        9
 Cigotuvi's Dreadful Rot  Necr/Alch/Air  Unusable   N/A       N/A         2

Dungeon Overview and Level Annotations

Branches:
Dungeon (15/15) Temple (1/1) D:4 Lair (5/5) D:8 Shoals (4/4) Lair:3 Spider (4/4) Lair:3 Slime (0/5) Lair:5 Orc (2/2) D:9 Elf (3/3) Orc:2 Vaults (0/5) D:13 D:14 Depths (0/4) D:15 IceCv (visited) WizLab (visited) Gauntlet (visited)

Altars:
Ashenzari
Cheibriados
Dithmenos
Elyvilon
Fedhas
Gozag
Hepliaklqana
Kikubaaqudgha
Makhleb
Nemelex Xobeh
Okawaru
Qazlal
Ru
Sif Muna
Trog
Uskayaw
Vehumet
Wu Jian
Xom
Yredelemnul
Zin
The Shining One
Beogh
Jiyva

Shops:
D:1 *   D:2 !   D:7 :   Orc:2 ([:[   Elf:1 *   Elf:2 *   Elf:3 !   Shoals:4 =

Annotations:
D:6 1 runed translucent door
Lair:5 P0WERM0DE's ghost, journeyman CoCK; Sokar's ghost, journeyman MDRe; tensugalgo's ghost, journeyman CoGl
Elf:3 GeoRichter's ghost, adept DsFE


Innate Abilities, Weirdness & Mutations

You are immune to sickness and miasma.
Your stone body is resilient. (AC +16)
You are immune to poison.
Your large and strong wings let you fly.
You resist negative energy. (rN+)
You are resistant to electric shocks. (rElec)
You are resistant to unholy torment.
You are immune to petrification.
Your flesh is heat resistant. (rF+)
You are somewhat resistant to further mutation.


Message History

Your weapon exudes an aura of protection.
GeoRichter's ghost is almost destroyed.
GeoRichter's ghost hits you but does no damage.
You hit GeoRichter's ghost.
GeoRichter's ghost is almost destroyed.
You block GeoRichter's ghost's attack.
You hit GeoRichter's ghost.
GeoRichter's ghost is almost destroyed.
GeoRichter's ghost is no longer more vulnerable to fire.
GeoRichter's ghost says, "Bah, the gods are useless!"
GeoRichter's ghost hits you but does no damage.
GeoRichter's ghost hits you.
You barely miss GeoRichter's ghost.
GeoRichter's ghost is almost destroyed.
GeoRichter's ghost gestures wildly while chanting.
Flames lash you. You resist.
Your fire resistance burns away!
The battlesphere fires!
The barrage of energy hits you!
* * * LOW HITPOINT WARNING * * *
You closely miss GeoRichter's ghost.
GeoRichter's ghost is almost destroyed.
You feel less vulnerable to fire.
GeoRichter's ghost hits you but does no damage.
As you read the scroll of teleportation, it crumbles to dust.
You feel strangely unstable. You block GeoRichter's ghost's attack.
GeoRichter's ghost casts a spell.
Flames lash you but do no damage.
The battlesphere fires!
The barrage of energy hits you!
* * * LOW HITPOINT WARNING * * *
GeoRichter's ghost casts a spell.
Flames lash you. You resist.
* * * LOW HITPOINT WARNING * * *
Your fire resistance burns away!
The battlesphere fires!
The barrage of energy hits you!!
* * * LOW HITPOINT WARNING * * *
You feel less vulnerable to fire.
GeoRichter's ghost gestures at you while chanting.
The magic dart hits you but does no damage.
The battlesphere fires!
The barrage of energy hits you!
You die...

....'......'...######..##..#
....'......'........[......#
#####......##.#####<..)...)######
....#......##.##.......[.........
...........##.##....)............
.....###'####.........####.###..#
.....'..........##..#∩.∩.∩.∩.#..#
.....##..######.##.*.)......[#..#
'######.###.....@..W.......:(#..#
.## #.# #.................[#..#
..#####.# #..............∩.∩.#...
........###...........#.#.####...
#'#####...'......................
...## #...'......................
....###.###............#...##....
.....'..# ##.......#..##...##....
....##### ##..## ##..+...#


You could see a battlesphere and GeoRichter's ghost.

Vanquished Creatures
  A bone dragon (Abyss:2)
  Jorgrun (D:15)
  2 deep elf blademasters
  2 deep elf master archers (Elf:3)
  A kraken (Shoals:2)
  3 tentacled starspawn (Abyss:2)
  Agnes (Spider:1)
  An ancient champion (Elf:3)
  3 nagarajas (WizLab)
  Louise (D:15)
  2 azure jellies (IceCv)
  5 emperor scorpions
  8 deep elf sorcerers
  A frost giant (Shoals:4)
  A rockslime (IceCv)
  6 ghost moths
  2 deep elf elementalists
  A cacodemon (Abyss:2)
  3 demonspawn corrupters (WizLab)
  A stone giant (D:14)
  A broodmother (Spider:3)
  4 quicksilver oozes (IceCv)
  Nessos (Lair:5)
  The ghost of Rouddeu the Metamorph, a journeyman VSMo of Okawaru (Shoals:3)
  8 deep elf demonologists
  A minotaur (Gauntlet)
  2 deep elf death magi (Elf:3)
  11 deep elf annihilators (Elf:3)
  An eidolon (Abyss:2)
  3 spark wasps
  An ettin (WizLab)
  An entropy weaver (Spider:2)
  Josephine (Orc:1)
  8 merfolk impalers
  3 merfolk javelineers (Shoals:4)
  A great orb of eyes (Abyss:2)
  Fannar (D:12)
  3 deep elf high priests
  6 hydras
  A catoblepas (D:14)
  2 rakshasas (Abyss:2)
  A jorogumo (Spider:3)
  2 ogre magi (Orc:2)
  6 merfolk aquamancers
  6 centaur warriors
  3 alligator snapping turtles (Shoals:4)
  22 dancing weapons
  A satyr (Shoals:2)
  9 boulder beetles
  5 merfolk avatars
  3 death scarabs (D:14)
  A tengu warrior (D:15)
  6 radroaches
  21 two-headed ogres
  Urug (D:14)
  2 death knights
  3 death yaks
  6 occultists (WizLab)
  A vampire mage (D:15)
  A deep troll earth mage (D:13)
  2 thrashing horrors (Abyss:2)
  5 demonic crawlers
  11 deep elf knights
  A sun demon (Abyss:2)
  A storm dragon zombie (D:15)
  Sonja (Orc:1)
  12 skeletal warriors
  A quicksilver dragon simulacrum (Abyss:2)
  2 wretched stars (Abyss:2)
  Amaemon (Lair:2)
  8 pharaoh ants
  5 skysharks
  A spriggan druid (WizLab)
  2 sixfirhies (Abyss:2)
  3 deep elf archers (Elf:1)
  A flayed ghost (Abyss:2)
  13 sea snakes
  4 arcanists
  A sun moth (Spider:2)
  5 thermic dynamos (Elf:2)
  3 orange crystal statues
  5 orb spiders
  4 spectral wolf spiders (D:14)
  2 phantasmal warriors (D:14)
  A swamp dragon (WizLab)
  An obsidian bat (Abyss:2)
  2 necromancers
  16 ugly things
  28 harpies
  10 starcursed masses (Abyss:2)
  37 wolf spiders
  11 fauns (Shoals:2)
  22 deep elf zephyrmancers
  An orc sorcerer (Elf:1)
  An oklob plant (Lair:1)
  7 steelbarb worms
  27 deep elf pyromancers
  24 manticores
  5 moths of wrath
  6 elephants (Lair:5)
  3 worldbinders
  A meliai (shapeshifter) (Elf:2)
  4 merfolk sirens
  A black mamba (shapeshifter) (D:14)
  7 cyclopes
  A rust devil (Abyss:2)
  7 water nymphs
  10 meliai
  2 smoke demons (Abyss:2)
  14 cane toads
  An apocalypse crab (Abyss:2)
  A black mamba (Lair:2)
  6 torpor snails
  3 unseen horrors
  3 orange demons
  A gargoyle (D:13)
  6 large abominations (Abyss:2)
  3 kobold demonologists
  A rime drake (shapeshifter) (D:14)
  3 efreet
  Maggie (D:7)
  3 rime drakes
  A yaktaur (D:13)
  2 freezing wraiths
  8 komodo dragons
  A tormentor (Abyss:2)
  A tengu conjurer (D:13)
  9 trolls
  24 merfolk
  14 wind drakes
  A polar bear (shapeshifter) (D:13)
  A spriggan zombie (D:15)
  2 polar bears (Lair:4)
  29 tarantellas
  8 hornets
  2 hellwings (Abyss:2)
  4 blink frogs (Lair:3)
  35 jumping spiders
  Prince Ribbit (D:7)
  Grinder (D:4)
  2 raiju (Abyss:2)
  4 dream sheep
  A jumping spider (shapeshifter) (Spider:3)
  11 snapping turtles
  19 slime creatures
  A spriggan (shapeshifter) (D:13)
  6 wyverns
  21 culicivoras
  7 air elementals
  A shadow (D:11)
  3 basilisks
  15 water elementals
  36 yaks
  4 fire bats (Abyss:2)
  2 fire elementals
  7 wraiths
  14 humans
  54 redbacks
  A warg (Orc:1)
  6 vampire mosquitoes
  3 steam dragons
  An acid dragon (D:11)
  8 water moccasins
  Menkaure (D:7)
  A great orb of eyes simulacrum (IceCv)
  2 black bears
  7 orc warriors
  4 ice beasts
  A sky beast (D:7)
  9 laughing skulls
  26 ogres
  3 wolves (Lair:3)
  A boggart (WizLab)
  18 centaurs
  8 slime creature simulacra (IceCv)
  A phantom (D:6)
  3 kobold brigands
  12 bullfrogs
  7 small abominations (Abyss:2)
  2 earth elementals
  3 glowing shapeshifter simulacra (IceCv)
  8 scorpions
  2 gnoll sergeants
  13 wights
  9 killer bees
  5 electric eels
  5 howler monkeys
  2 bombardier beetles
  2 quasits (Abyss:2)
  An iron imp (Abyss:2)
  5 jellies
  6 hounds
  10 orc priests
  A sleepcap (D:4)
  4 iguanas
  9 orc wizards
  Ijyb (D:5)
  The ghost of flt the Trooper, a weakling OnDe (D:6)
  3 gnolls (D:11)
  8 adders
  A shadow imp (D:6)
  2 white imps
  2 ufetubi (D:6)
  3 ribbon worms
  5 dart slugs
  39 orcs
  14 ball pythons
  6 bats
  5 endoplasms
  8 giant cockroaches
  8 goblins
  3 hobgoblins
  7 jackals
  8 quokkas
  5 frilled lizards
  16 kobolds
  5 rats
  2 butterflies (D:6)
  4 tentacles (Shoals:2)
1300 creatures vanquished.

Vanquished Creatures (collateral kills)
  A deep elf sorcerer (WizLab)
  A merfolk javelineer (Shoals:3)
  3 ogre magi
  A death knight (Abyss:2)
  3 dancing weapons (Elf:2)
  An occultist (WizLab)
  A wretched star (Abyss:2)
  A sea snake (Shoals:3)
  A flayed ghost (Abyss:2)
  A phantasmal warrior (Abyss:2)
  A deep elf zephyrmancer (Elf:2)
  2 deep elf pyromancers
  A harpy (Shoals:2)
  A cyclops (Shoals:1)
  A smoke demon (Abyss:2)
  4 merfolk
  2 dream sheep (Shoals:1)
  2 blink frogs (Abyss:2)
  A snapping turtle (Shoals:3)
  An air elemental (Elf:3)
  2 wraiths
  A laughing skull (Abyss:2)
  7 ogres (Orc:2)
  An earth elemental (Elf:3)
  An electric eel (D:13)
  2 starcursed masses (Abyss:2)
  A white imp (Abyss:2)
  An ufetubus (Abyss:2)
  18 foxfires
64 creatures vanquished.

Vanquished Creatures (others)
  A tentacled starspawn (WizLab)
  A ball python (D:4)
  1444 foxfires
  13 starspawn tentacles
  4 tentacles (Shoals:2)
1463 creatures vanquished.

Grand Total: 2827 creatures vanquished

Notes
Turn   | Place    | Note
-------+----------+-------------------------------------------
     0 | D:1      | Essalna the Gargoyle Fire Elementalist began the quest for
                  | the Orb.
     0 | D:1      | Reached XP level 1. HP: 10/10 MP: 3/3
   134 | D:1      | Found Bimmaetu's Assorted Antiques.
   252 | D:1      | Reached XP level 2. HP: 16/16 MP: 0/5
   516 | D:1      | Reached skill level 1 in Fighting
  1147 | D:2      | Got the Textbook on Oromancy
  1298 | D:2      | Reached XP level 3. HP: 20/20 MP: 2/6
  1739 | D:2      | Found Umniv's Distillery.
  2166 | D:3      | Learned a level 2 spell: Scorch
  2285 | D:3      | Reached XP level 4. HP: 26/26 MP: 0/7
  3045 | D:3      | Found a shimmering altar of Xom.
  3098 | D:3      | Reached XP level 5. HP: 25/30 MP: 4/9
  3576 | D:3      | Found a basalt altar of Yredelemnul.
  3651 | D:3      | Found a broken altar of Ashenzari.
  4197 | D:4      | Reached XP level 6. HP: 36/36 MP: 6/10
  4787 | D:4      | Noticed Grinder
  4797 | D:4      | Killed Grinder
  4798 | D:4      | Reached XP level 7. HP: 42/42 MP: 2/12
  4956 | D:4      | Found an iron altar of Okawaru.
  4965 | D:4      | Found a shadowy altar of Dithmenos.
  5060 | D:4      | Found a staircase to the Ecumenical Temple.
  5069 | Temple   | Entered the Ecumenical Temple
  5088 | Temple   | Became a worshipper of Vehumet
  5615 | D:4      | Reached skill level 5 in Fire Magic
  5737 | D:5      | Entered Level 5 of the Dungeon
  5990 | D:5      | Noticed Ijyb
  5999 | D:5      | Killed Ijyb
  6071 | D:5      | Reached skill level 5 in Fighting
  6152 | D:5      | Learned a level 6 spell: Permafrost Eruption
  6244 | D:5      | Reached XP level 8. HP: 44/49 MP: 9/14
  6248 | D:5      | Reached skill level 1 in Earth Magic
  6251 | D:5      | Reached skill level 1 in Ice Magic
  6370 | D:5      | Reached skill level 2 in Earth Magic
  6379 | D:5      | Noticed a wyvern
  6393 | D:5      | Killed a wyvern
  6394 | D:5      | Reached skill level 3 in Earth Magic
  6519 | D:5      | Found a snail-covered altar of Cheibriados.
  6959 | D:6      | Reached * piety under Vehumet
  6959 | D:6      | Offered knowledge of Shock by Vehumet.
  7063 | D:6      | Reached skill level 4 in Earth Magic
  7284 | D:6      | Reached XP level 9. HP: 55/56 MP: 8/15
  7292 | D:6      | Reached skill level 5 in Earth Magic
  7559 | D:6      | Found a runed translucent door.
  7566 | D:6      | Found a runed translucent door.
  7839 | D:6      | Found a runed translucent door.
  7856 | D:6      | Noticed flt's ghost (weakling OnDe)
  8208 | D:6      | Reached skill level 5 in Ice Magic
  8208 | D:6      | Reached skill level 6 in Earth Magic
  8213 | D:6      | Identified the +7 trident "Huydwah" {drain, rN+ Will+ Str+3
                  | Int+3}
  8325 | D:6      | Killed flt's ghost
  8387 | D:7      | Noticed Menkaure
  8392 | D:7      | Killed Menkaure
  8476 | D:7      | Reached ** piety under Vehumet
  8571 | D:7      | Offered knowledge of Searing Ray by Vehumet.
  8682 | D:7      | Reached skill level 7 in Earth Magic
  8827 | D:7      | Found Esaty's Book Shoppe.
  8834 | D:7      | Reached XP level 10. HP: 65/65 MP: 11/16
  8867 | D:7      | Noticed Maggie
  8880 | D:7      | Killed Maggie
  9161 | D:7      | Noticed Prince Ribbit
  9179 | D:7      | Killed Prince Ribbit
  9180 | D:7      | Reached skill level 8 in Earth Magic
  9501 | D:7      | Found a sparkling altar of Nemelex Xobeh.
  9603 | D:8      | Reached skill level 1 in Armour
  9716 | D:8      | Noticed a two-headed ogre
  9725 | D:8      | Killed a two-headed ogre
  9745 | D:8      | Got the Codex of Roasted Assembling
  9872 | D:8      | Found a staircase to the Lair.
  9899 | D:8      | Noticed a purple ugly thing
 10015 | D:8      | Offered knowledge of Hailstorm by Vehumet.
 10401 | D:9      | Reached skill level 9 in Earth Magic
 10422 | D:9      | Reached skill level 10 in Fighting
 10422 | D:9      | Reached XP level 11. HP: 20/72 MP: 6/17
 10469 | D:9      | Reached *** piety under Vehumet
 10788 | D:9      | Found a staircase to the Orcish Mines.
 11437 | Orc:1    | Entered Level 1 of the Orcish Mines
 11639 | Orc:2    | Entered Level 2 of the Orcish Mines
 11656 | Orc:2    | Noticed a two-headed ogre
 11656 | Orc:2    | Noticed a two-headed ogre
 11670 | Orc:2    | Noticed a two-headed ogre
 11674 | Orc:2    | Killed a two-headed ogre
 11674 | Orc:2    | Noticed a two-headed ogre
 11675 | Orc:2    | Noticed an ogre mage
 11798 | Lair:1   | Entered Level 1 of the Lair of Beasts
 11963 | Lair:1   | Offered knowledge of Mephitic Cloud by Vehumet.
 12040 | Lair:1   | Reached skill level 10 in Earth Magic
 12102 | Lair:1   | Noticed an oklob plant
 12115 | Lair:1   | Killed an oklob plant
 12243 | Lair:1   | Noticed a six-headed hydra
 12247 | Lair:1   | Killed a six-headed hydra
 12378 | Lair:1   | Identified the ring of Haipty {Ice rElec Str-4 Dex+2
                  | Stlth+}
 12880 | Lair:2   | Found a gate leading to a gauntlet.
 12887 | Lair:2   | Noticed Amaemon
 12889 | Gauntlet | Entered a Gauntlet
 12889 | Gauntlet | Found a transporter.
 12979 | Gauntlet | Found a transporter.
 12994 | Gauntlet | Found a transporter.
 12996 | Gauntlet | Found a large runed translucent door.
 12996 | Gauntlet | Found a large runed translucent door.
 12997 | Gauntlet | Found a large runed translucent door.
 12997 | Gauntlet | Found a large runed translucent door.
 12998 | Gauntlet | Found a large runed translucent door.
 12998 | Gauntlet | Found a large runed translucent door.
 12998 | Gauntlet | Found a runed translucent door.
 12998 | Gauntlet | Found a runed translucent door.
 12998 | Gauntlet | Found a large runed translucent door.
 12999 | Gauntlet | Found a transporter.
 13004 | Gauntlet | Noticed a wolf spider
 13012 | Gauntlet | Noticed an entropy weaver
 13014 | Gauntlet | Found a transporter.
 13029 | Gauntlet | Found a large runed translucent door.
 13029 | Gauntlet | Noticed a great orb of eyes
 13030 | Gauntlet | Found a large runed translucent door.
 13031 | Gauntlet | Found a large runed translucent door.
 13031 | Gauntlet | Found a large runed translucent door.
 13032 | Gauntlet | Found a runed translucent gate.
 13032 | Gauntlet | Noticed a green ugly thing
 13033 | Gauntlet | Found a transporter.
 13033 | Gauntlet | Found a runed translucent gate.
 13033 | Gauntlet | Noticed a brown ugly thing
 13034 | Gauntlet | Found a runed translucent gate.
 13035 | Gauntlet | Found a large runed translucent door.
 13035 | Gauntlet | Found a large runed translucent door.
 13036 | Gauntlet | Found a large runed translucent door.
 13037 | Gauntlet | Found a large runed translucent door.
 13041 | Gauntlet | Noticed a death yak
 13041 | Gauntlet | Noticed a death yak
 13041 | Gauntlet | Noticed a death yak
 13042 | Gauntlet | Noticed a death yak
 13042 | Gauntlet | Noticed a death yak
 13045 | Gauntlet | Noticed a necromancer
 13048 | Gauntlet | Found a transporter.
 13057 | Gauntlet | Found a transporter.
 13067 | Gauntlet | Noticed a reaper
 13069 | Gauntlet | Found a transporter.
 13079 | Gauntlet | Noticed a wretched star
 13081 | Gauntlet | Found a transporter.
 13098 | Gauntlet | Found a transporter.
 13116 | Gauntlet | Found a transporter.
 13118 | Gauntlet | Found a transporter.
 13145 | Gauntlet | Found a transporter.
 13165 | Gauntlet | Found a transporter.
 13177 | Gauntlet | Found a transporter.
 13189 | Gauntlet | Found a transporter.
 13197 | Gauntlet | Found a transporter.
 13291 | Gauntlet | Found a large runed translucent door.
 13303 | Gauntlet | Identified the ring "Ycketsek" {Wiz rPois Int+3}
 13453 | Gauntlet | Identified the ring "Zoemarazeo" {Fly rN+ Will- rCorr
                  | Int+3}
 13457 | Gauntlet | Identified the +8 rapier of a bailey {freeze, rN+ Str+4}
 13459 | Gauntlet | Killed a wolf spider
 13460 | Gauntlet | Reached skill level 11 in Earth Magic
 13518 | Gauntlet | Noticed a minotaur
 13643 | Gauntlet | Killed a minotaur
 13657 | Gauntlet | Identified the +2 robe "Kuufuwus" {rElec Will+ Dex+2
                  | Slay+2}
 13675 | Lair:2   | HP: 1/75 [komodo dragon (6)]
 13925 | Lair:2   | Killed Amaemon
 13926 | Lair:2   | Reached XP level 12. HP: 44/80 MP: 1/18
 14276 | Lair:2   | Reached **** piety under Vehumet
 14512 | Lair:2   | Reached skill level 5 in Spellcasting
 14512 | Lair:2   | Reached skill level 10 in Ice Magic
 14519 | Lair:2   | Offered knowledge of Stone Arrow by Vehumet.
 15012 | Lair:2   | Learned a level 7 spell: Seismic Cannonade
 15263 | Lair:3   | Noticed a skyshark
 15276 | Lair:3   | Killed a skyshark
 15277 | Lair:3   | Reached skill level 12 in Earth Magic
 15538 | Lair:3   | Reached skill level 1 in Alchemy
 15541 | Lair:3   | Identified the +2 shortbow of Inquiry {flame, rPois Will+
                  | Int+3}
 15717 | Lair:3   | Identified the +3 leather armour "Risy" {-Tele rC+ Str+2
                  | Dex+7}
 15999 | Lair:3   | Found a hole to the Spider Nest.
 16159 | Lair:3   | Found a staircase to the Shoals.
 16442 | Lair:3   | Noticed an eight-headed hydra
 16445 | Lair:3   | Killed an eight-headed hydra
 17182 | Lair:4   | Noticed a six-headed hydra
 17186 | Lair:4   | Killed a six-headed hydra
 17187 | Lair:4   | Reached XP level 13. HP: 88/88 MP: 9/22
 18010 | Lair:5   | Entered Level 5 of the Lair of Beasts
 19018 | Lair:5   | Reached skill level 5 in Alchemy
 19578 | Lair:5   | Reached skill level 13 in Earth Magic
 19642 | Lair:5   | Noticed Nessos
 19645 | Lair:5   | Killed Nessos
 19813 | Lair:5   | Identified the +8 trident of Xylu Hid {protect, Will- MP+9
                  | Int+8 Stlth+}
 20294 | Lair:5   | Found a runed translucent gate.
 20295 | Lair:5   | Found a runed translucent gate.
 20296 | Lair:5   | Found a runed translucent gate.
 20297 | Lair:5   | Noticed P0WERM0DE's ghost (journeyman CoCK)
 20297 | Lair:5   | Noticed Sokar's ghost (journeyman MDRe)
 20298 | Lair:5   | Noticed tensugalgo's ghost (journeyman CoGl)
 20298 | Lair:5   | Found the +9 staff of Olgreb {rPois∞}
 20501 | Lair:5   | Found a viscous altar of Jiyva.
 20501 | Lair:5   | Found a staircase to the Slime Pits.
 20570 | Lair:5   | Gained mutation: Your large and strong wings let you fly.
                  | [Gargoyle growth]
 20570 | Lair:5   | Reached XP level 14. HP: 77/96 MP: 6/23
 21018 | Lair:5   | Identified the +1 dagger of Disgust {holy, SInv}
 21324 | Orc:2    | Reached skill level 14 in Earth Magic
 21326 | Orc:2    | Reached skill level 15 in Fighting
 21527 | Orc:2    | Reached ***** piety under Vehumet
 21552 | Orc:1    | Offered knowledge of Bombard by Vehumet.
 21684 | Orc:2    | Paralysed by an ogre mage for 4 turns
 21846 | Orc:2    | Paralysed by an ogre mage for 3 turns
 21852 | Orc:1    | Paralysed by an ogre mage for 4 turns
 21910 | Orc:2    | Noticed Josephine
 21930 | Orc:1    | Killed Josephine
 22015 | Orc:2    | Paralysed by an ogre mage for 5 turns
 22528 | Orc:2    | Found a staircase to the Elven Halls.
 22582 | Orc:2    | Found Dudaapn's Book Shop.
 22582 | Orc:2    | Found Xefomok's Antique Weapon Emporium.
 22583 | Orc:2    | Found Zosat's Armour Shoppe.
 22583 | Orc:2    | Found Itor's Armour Shop.
 22590 | Orc:2    | Bought Maxwell's Memoranda for 630 gold pieces
 22592 | Orc:2    | Bought the -1 pair of gloves of Integrity {+Inv rC+ Stlth+}
                  | for 326 gold pieces
 23118 | Orc:1    | Noticed Sonja
 23119 | Orc:1    | Killed Sonja
 23120 | Orc:1    | Reached skill level 15 in Earth Magic
 23343 | Orc:1    | Found a roughly hewn altar of Beogh.
 23515 | Orc:1    | Found a roughly hewn altar of Beogh.
 23863 | D:10     | Entered Level 10 of the Dungeon
 24010 | D:10     | Found a glowing golden altar of the Shining One.
 24060 | D:10     | Learned a level 7 spell: Magnavolt
 24782 | D:10     | Found a bloodstained altar of Trog.
 24782 | D:10     | Found an ornate altar of the Wu Jian Council.
 24790 | D:10     | Found a burning altar of Makhleb.
 24792 | D:10     | Found a faded altar of an unknown god.
 24794 | D:10     | Found a faded altar of an unknown god.
 25116 | D:11     | Reached skill level 1 in Air Magic
 25369 | D:11     | Identified the +9 trident "Qucutiti" {freeze, rF+ rCorr
                  | Str+3}
 25541 | D:11     | Reached XP level 15. HP: 104/104 MP: 16/24
 25868 | D:11     | Found an iron altar of Okawaru.
 26405 | D:12     | Noticed Fannar
 26608 | D:12     | Found a portal to a secret trove of treasure.
 26616 | D:12     | You paid a toll of 5 potions of resistance to enter a
                  | treasure trove
 26617 | Trove    | Entered a treasure trove
 26632 | Trove    | Got Sif Muna's Essays on Kinetic Transformation
 26638 | Trove    | Got Sif Muna's Dissertation on Dire Pyromania
 26650 | Trove    | Got Sif Muna's Parchment of Crystalline Snow
 26659 | Trove    | Got Sif Muna's Omnibus of Embers and Toxicants
 26680 | Trove    | Got the Disquisition on the Red-Hot Athanor
 27141 | D:12     | Offered knowledge of Freezing Cloud by Vehumet.
 27184 | D:12     | Killed Fannar
 28036 | D:13     | Reached skill level 16 in Earth Magic
 29098 | D:13     | Reached skill level 1 in Shields
 29216 | D:14     | Noticed Urug
 29216 | D:14     | Found a gate to the Vaults.
 29958 | D:14     | Killed Urug
 30208 | D:14     | Found a huge runed translucent gate.
 30208 | D:14     | Found a huge runed translucent gate.
 30208 | D:14     | Found a huge runed translucent gate.
 30208 | D:14     | Found a huge runed translucent gate.
 30208 | D:14     | Found a huge runed translucent gate.
 30261 | D:14     | Found a huge runed translucent gate.
 30261 | D:14     | Found a huge runed translucent gate.
 30261 | D:14     | Found a huge runed translucent gate.
 30261 | D:14     | Found a huge runed translucent gate.
 30262 | D:14     | Found a huge runed translucent gate.
 30262 | D:14     | Found a huge runed translucent gate.
 30263 | D:14     | Found a huge runed translucent gate.
 30264 | D:14     | Found a huge runed translucent gate.
 30266 | D:14     | Found a huge runed translucent gate.
 30267 | D:14     | Found a huge runed translucent gate.
 30268 | D:14     | Found a huge runed translucent gate.
 30268 | D:14     | Found a huge runed translucent gate.
 30273 | D:14     | Found a huge runed translucent gate.
 30274 | D:14     | Found a huge runed translucent gate.
 30275 | D:14     | Found a huge runed translucent gate.
 30275 | D:14     | Found a huge runed translucent gate.
 30282 | D:14     | Reached skill level 5 in Air Magic
 30395 | D:14     | Found a huge runed translucent gate.
 30396 | D:14     | Found a huge runed translucent gate.
 30400 | D:14     | Found a huge runed translucent gate.
 30400 | D:14     | Found a huge runed translucent gate.
 30400 | D:14     | Found a huge runed translucent gate.
 30405 | D:14     | Found a huge runed translucent gate.
 30407 | D:14     | Found a huge runed translucent gate.
 30408 | D:14     | Found a huge runed translucent gate.
 30409 | D:14     | Found a huge runed translucent gate.
 30411 | D:14     | Found a huge runed translucent gate.
 30756 | D:14     | Found a huge runed translucent gate.
 30756 | D:14     | Found a huge runed translucent gate.
 30756 | D:14     | Found a huge runed translucent gate.
 30757 | D:14     | Found a huge runed translucent gate.
 30758 | D:14     | Found a huge runed translucent gate.
 31017 | D:14     | Offered knowledge of Orb of Destruction by Vehumet.
 31758 | D:14     | Found a runed translucent door.
 31925 | D:14     | Reached XP level 16. HP: 105/114 MP: 11/25
 32159 | D:14     | Found a runed translucent gate.
 32159 | D:14     | Found a runed translucent gate.
 32159 | D:14     | Found a runed translucent gate.
 32159 | D:14     | Found a runed translucent gate.
 32159 | D:14     | Found a runed translucent gate.
 32159 | D:14     | Found a runed translucent gate.
 32179 | D:14     | Reached skill level 17 in Earth Magic
 32901 | D:14     | Identified the amulet "Mughegocs" {Reflect Dex+5 SH+5
                  | Stlth+}
 32975 | D:14     | Noticed a tengu reaver
 32988 | D:14     | Noticed a tengu reaver
 32993 | D:15     | Entered Level 15 of the Dungeon
 33031 | D:15     | Noticed Jorgrun
 33377 | D:15     | Killed Jorgrun
 33777 | D:15     | Found a staircase to the Depths.
 34370 | D:15     | Noticed Louise
 34397 | D:15     | Killed Louise
 35336 | Shoals:1 | Entered Level 1 of the Shoals
 35770 | Shoals:1 | Offered knowledge of Yara's Violent Unravelling by Vehumet.
 36000 | Shoals:1 | Reached skill level 18 in Earth Magic
 37325 | Shoals:2 | Reached XP level 17. HP: 124/124 MP: 23/26
 37492 | Shoals:2 | Noticed a kraken
 37504 | Shoals:2 | Killed a kraken
 38563 | Shoals:2 | Offered knowledge of Iskenderun's Battlesphere by Vehumet.
 38676 | Shoals:2 | Learned a level 5 spell: Iskenderun's Battlesphere
 38791 | Shoals:2 | Identified the amulet of Jyaniaw {Acrobat MP+9 SInv}
 39039 | Shoals:3 | Reached skill level 19 in Earth Magic
 39662 | Shoals:3 | Noticed Rouddeu's ghost (journeyman VSMo)
 39663 | Shoals:3 | Found a runed translucent gate.
 39664 | Shoals:3 | Found a runed translucent gate.
 39665 | Shoals:3 | Found a runed translucent gate.
 39971 | Shoals:3 | Identified the +0 swamp dragon scales of Sin {rPois Str+2
                  | Int+2}
 39989 | Shoals:3 | Killed Rouddeu's ghost
 39994 | Shoals:3 | Gained mutation: You are dopey. (Int -2) [mutagenic glow]
 40014 | Shoals:3 | Gained mutation: You do not regenerate when monsters are
                  | visible. [mutagenic glow]
 40179 | Shoals:3 | Identified the +0 helmet "Ziodayz" {Int+4}
 40215 | Shoals:4 | Entered Level 4 of the Shoals
 40584 | Shoals:3 | Lost mutation: You do not regenerate when monsters are
                  | visible. [potion of mutation]
 40584 | Shoals:3 | Lost mutation: You are dopey. (Int -2) [potion of mutation]
 40584 | Shoals:3 | Gained mutation: Your flesh is heat resistant. (rF+)
                  | [potion of mutation]
 40584 | Shoals:3 | Gained mutation: You are somewhat resistant to further
                  | mutation. [potion of mutation]
 40626 | Shoals:4 | Found Leohoan's Jewellery Shop.
 40969 | Shoals:4 | Offered knowledge of Eringya's Noxious Bog by Vehumet.
 41427 | Shoals:4 | Got a barnacled rune of Zot
 41675 | Shoals:4 | Reached XP level 18. HP: 124/134 MP: 30/30
 41685 | Shoals:4 | Reached skill level 20 in Earth Magic
 42161 | Shoals:4 | Identified the +12 falchion of the Shouting Visionary
                  | {flame, Int+6}
 42667 | Spider:1 | Entered Level 1 of the Spider Nest
 43135 | Spider:1 | Noticed Agnes
 43139 | Spider:1 | Killed Agnes
 43350 | Spider:1 | Reached ****** piety under Vehumet
 43818 | Spider:1 | Offered knowledge of Ozocubu's Refrigeration by Vehumet.
 45072 | Spider:1 | Reached skill level 10 in Spellcasting
 45086 | Spider:2 | Found a glacial archway.
 45092 | IceCv    | Entered an ice cave
 45119 | IceCv    | Reached skill level 21 in Earth Magic
 46142 | IceCv    | Found a viscous altar of Jiyva.
 46312 | IceCv    | Identified the amulet of Qieniacw {Faith rPois rC+ rCorr}
 46326 | IceCv    | Got the ring "Raus" {rElec rC+ Dex+3}
 46425 | Spider:2 | Learned a level 9 spell: Shatter
 46830 | Spider:2 | Offered knowledge of Fire Storm by Vehumet.
 46830 | Spider:2 | Offered knowledge of Chain Lightning by Vehumet.
 46830 | Spider:2 | Offered knowledge of Polar Vortex by Vehumet.
 47849 | Spider:3 | Reached XP level 19. HP: 133/139 MP: 27/34
 47882 | Spider:3 | Identified a scroll of acquirement
 47882 | Spider:3 | Acquired the scarf of the Untouchables {+Inv, rC+ Int+3}
 47914 | Spider:3 | Reached skill level 22 in Earth Magic
 49140 | Spider:4 | Entered Level 4 of the Spider Nest
 50433 | Spider:4 | Reached skill level 23 in Earth Magic
 50851 | Spider:4 | Found the +3 Mad Mage's Maulers {Infuse+∞ VampMP -Cast}
 50866 | Spider:4 | Got a gossamer rune of Zot
 51223 | Elf:1    | Entered Level 1 of the Elven Halls
 51854 | Elf:1    | Upgraded the game from 0.32-a0-968-g61e5eb5241 to
                  | 0.32-a0-975-g85d4e5bfdb
 52060 | Elf:1    | Got the Incunable of Conflict and Arrival
 52130 | Elf:1    | Found Gipul's Goods Gallery.
 52425 | Elf:1    | Reached XP level 20. HP: 136/145 MP: 32/37
 53100 | Elf:2    | Paralysed by an air elemental for 1 turns
 53476 | Elf:2    | Found Viel Hucw's General Store.
 53717 | Elf:2    | Found a runed translucent gate.
 53736 | Elf:2    | Found a runed translucent gate.
 53738 | Elf:2    | Found a runed translucent gate.
 53992 | Elf:2    | Reached skill level 5 in Armour
 54131 | Elf:2    | Reached skill level 5 in Shields
 54798 | Elf:3    | Entered Level 3 of the Elven Halls
 54798 | Elf:3    | Found Taehasuv's Distillery.
 54844 | Elf:3    | Noticed GeoRichter's ghost (adept DsFE)
 54856 | Elf:3    | Found a runed translucent door.
 54862 | Elf:3    | Found a magical portal.
 54886 | WizLab   | Entered Alistair's Party Mansion
 55175 | Abyss:2  | Cast into level 2 of the Abyss (a deep elf sorcerer)
 55592 | Abyss:2  | Found a corrupted altar of Lugonu.
 55642 | WizLab   | Escaped the Abyss
 56170 | WizLab   | Got the Commentary on Decantation
 56180 | WizLab   | Acquired 717 gold pieces
 56263 | WizLab   | Got the Cyclopedia of the Hornet
 56479 | Elf:3    | Paralysed by an air elemental for 1 turns
 56516 | Elf:3    | Reached skill level 24 in Earth Magic
 56516 | Elf:3    | Identified the amulet of Uveleafu {Acrobat -Tele *Slow +Inv
                  | Dex+6}
 56517 | Abyss:2  | Cast into level 2 of the Abyss (a deep elf sorcerer)
 56633 | Abyss:2  | Found a corrupted altar of Lugonu.
 56657 | Abyss:2  | Reached XP level 21. HP: 140/151 MP: 21/39
 56681 | Abyss:2  | Noticed a bone dragon
 56694 | Abyss:2  | Killed a bone dragon
 56865 | Abyss:2  | Noticed a profane servitor
 57246 | Elf:3    | Escaped the Abyss
 57254 | Elf:3    | Reached skill level 5 in Dodging
 57261 | Elf:3    | HP: 7/148 [deep elf annihilator/crystal spear (37)]
 57521 | Elf:3    | Paralysed by an air elemental for 1 turns
 57526 | Elf:3    | Paralysed by an air elemental for 1 turns
 57642 | Elf:3    | Identified the ring of the Butterfly {*Slow rCorr AC+4
                  | SInv}
 57702 | Elf:3    | Identified the +9 dagger of Calamity {freeze, rC+ rN+ Will+
                  | Int+3}
 57710 | Elf:3    | Identified the +4 robe "Qemif" {SInv}
 58010 | Elf:3    | Identified the ring "Myeffia" {rF+ MP-9 EV+5 Dex+3}
 58612 | Elf:3    | HP: 3/151 [battlesphere[GeoRichter's ghost] (19)]
 58613 | Elf:3    | Killed from afar by a battlesphere

Illustrated notes

Levels and vault maps discovered:
D:1:      dpeg_arrival_tiny_c, layout_rooms, serial_shops, shop,
          minmay_pentomino_u2
D:2:      layout_rooms, serial_forest, infiniplex_forest_clump_small,
          infiniplex_forest_lined_4_way, infiniplex_forest_join,
          infiniplex_forest_lined_1, infiniplex_forest_clump_curved,
          infiniplex_forest_clump_long, infiniplex_forest_corner_1,
          infiniplex_forest_straight_4, infiniplex_forest_clump_C,
          infiniplex_forest_zigzag_2, serial_shops, shop_statue, minmay_puff
D:3:      layout_basic, mainiacjoe_overflow_small_starburst,
          jmf_multi_god_temple2, serial_curves, eino_curves_01, eino_curves_03,
          eino_curves_01, eino_curves_01, serial_park_tiny_1,
          hangedman_feature_mirror, minmay_snake_closets
D:4:      layout_basic, minitemple, lemuel_temple_firewalk_b,
          hangedman_decor_slide_cut, uniq_grinder
D:5:      layout_basic, lemuel_crystal_altar, uniq_ijyb
D:6:      lemuel_insect_pit, layout_cave_pools, serial_bayou,
          serial_bayou_crossing, serial_bayou_pond_a, serial_bayou_lake_a,
          serial_bayou_pond_a, ebering_ghost_inner_flame,
          kennysheep_generic_room_5
D:7:      layout_cave_pools, nemelex_diamond_rough_becter, serial_shops, shop,
          serial_glass, glass_columns_c, glass_columns_b, grunt_decor_arrowhead,
          kennysheep_potato, uniq_menkaure, uniq_prince_ribbit1, uniq_maggie
D:8:      layout_rooms, lair_entry_dummy, lightli_corner_chamber
D:9:      layout_loops_ring, orc_0_dummy
D:10:     layout_loops_ring, old_standard_altar,
          chequers_temple_overflow_minitemple
D:11:     wad_cavern_with_rooms, layout_basic, kennysheep_okawaru_gauntlet
D:12:     layout_rooms, nicolae_trove_entry_columns, uniq_fannar
D:13:     layout_basic, nicolae_doodle_vault
D:14:     gammafunk_indiana_jones, layout_stronghold, david_vaults_3,
          skrybe_limestone_x, door_vault
D:15:     gammafunk_depths_entry_grave, layout_rooms, kennysheep_doodads,
          uniq_louise, uniq_jorgrun
Temple:   pf_slime_end_temple
Lair:1:   layout_chaotic_city
Lair:2:   layout_roguey, gauntlet_entry_generic, grunt_megastairs_3,
          uniq_amaemon
Lair:3:   layout_big_grid, minmay_shoals_entry_beasts,
          spider_nest_entry_web_field, serial_bayou_shore_a
Lair:4:   layout_regular_city, serial_bayou_pond_c
Lair:5:   gammafunk_lair_ancient_temple, layout_gridlike, slime_entry_1,
          gammafunk_ghost_cemetery, minivault_23, uniq_nessos
Shoals:1: layout_shoals, nicolae_tricolors
Shoals:2: layout_shoals, nicolae_shoals_water_elemental_grotto
Shoals:3: layout_shoals, gammafunk_ghost_tricky_traps, nicolae_tricolors
Shoals:4: shoals_end_grunt_ice, layout_shoals, serial_shops, shop,
          nicolae_shoals_arrival_archipelago
Spider:1: layout_chambers, nicolae_spider_some_kinda_spiderbox, uniq_agnes
Spider:2: nicolae_spider_hilbert_zone_3 [nicolae_spider_hilbert_4_sides_2_open,
          nicolae_spider_hilbert_3_sides_1_open,
          nicolae_spider_hilbert_3_sides_1_open,
          nicolae_spider_hilbert_3_sides_1_open,
          nicolae_spider_hilbert_3_sides_1_open,
          nicolae_spider_hilbert_4_sides_1_open,
          nicolae_spider_hilbert_4_sides_1_open,
          nicolae_spider_hilbert_4_sides_1_open,
          nicolae_spider_hilbert_4_sides_1_open,
          nicolae_spider_hilbert_4_sides_1_open,
          nicolae_spider_hilbert_4_sides_1_open,
          nicolae_spider_hilbert_4_sides_1_open,
          nicolae_spider_hilbert_4_sides_1_open,
          nicolae_spider_hilbert_3_sides_1_open,
          nicolae_spider_hilbert_3_sides_1_open,
          nicolae_spider_hilbert_3_sides_1_open,
          nicolae_spider_hilbert_3_sides_1_open],
          portal_ice_cave_entry_pillars_1
Spider:3: layout_spider_delve, hellmonk_deceptive_appearances
Spider:4: grunt_spider_rune_parallel
Orc:1:    nicolae_orc_accident_2, layout_caves, minmay_orc_temple_a, uniq_sonja
Orc:2:    st_orc_ogre_mass, layout_caves, uniq_josephine
Elf:1:    nicolae_elf_arrival_fired_up, layout_geoelf_octagon,
          minmay_elf_sorcery, minivault_16, nicolae_alphabet_shops
Elf:2:    nicolae_elf_blades_splatter_lattice
          [nicolae_blade_entry_floor_patterns], layout_loops_ring, serial_shops,
          nicolae_lakefront_shop, minmay_checkered_concentric_circles
Elf:3:    minmay_elf_hall_quartered_circle, layout_gridlike, serial_shops,
          nicolae_shop_window_shopping, lightli_enter_wizlab_magi_temple,
          hellmonk_ghost_big_iron

Skill      XL: |  1  2  3  4  5  6  7  8  9 10 11 12 13 14 15 16 17 18 19 20 21 |
---------------+----------------------------------------------------------------+-----
Fighting       | 1 2 3 5 6 8 10 11 13 14 16 18 20 22 | 22.0
Conjurations   | 2 3 4 |  4.0
Spellcasting   | 3 4 6 8 11 13 14 | 14.0
Fire Magic     | 4 5 |  5.0
Earth Magic    | 4 7 9 11 12 13 15 16 18 19 21 23 24 | 24.4
Ice Magic      | 3 6 7 9 10 11 12 | 12.9
Armour         | 3 4 7 8 |  8.4
Alchemy        | 3 6 8 |  8.0
Air Magic      | 2 5 7 8 |  8.0
Shields        | 4 7 8 |  8.3
Dodging        | 4 5 |  5.7
Stealth        | |  2.1

Action                     |  1- 3 |  4- 6 |  7- 9 | 10-12 | 13-15 | 16-18 | 19-21 || total
---------------------------+-------+-------+-------+-------+-------+-------+-------++-------
  Melee: Dagger            |    90 |    28 |    32 |       |       |       |       ||   150
         Unarmed           |     1 |       |       |       |       |       |       ||     1
         Trident           |       |       |    14 |   226 |   136 |   164 |   200 ||   740
   Cast: Foxfire           |    88 |   136 |   314 |   215 |    18 |    23 |    46 ||   840
         Scorch            |       |       |     2 |    70 |    45 |     2 |     9 ||   128
         Permafrost Erupti |       |       |       |    56 |   268 |   237 |   409 ||   970
         Seismic Cannonade |       |       |       |       |     5 |     7 |    12 ||    24
         Magnavolt         |       |       |       |       |    76 |   294 |    28 ||   398
         Shatter           |       |       |       |       |       |     5 |    28 ||    33
         Iskenderun's Batt |       |       |       |       |       |       |     4 ||     4
  Evoke: Wand              |       |       |       |     2 |     4 |     4 |     6 ||    16
    Use: Scroll            |     1 |       |     7 |     9 |    15 |     5 |    16 ||    53
         Potion            |       |       |     2 |     9 |     1 |     9 |    20 ||    41
   Stab: Sleeping          |       |       |       |     1 |       |       |       ||     1
         Distracted        |       |       |       |       |     1 |       |     1 ||     2
 Armour: Robe              |    10 |    43 |   108 |       |       |       |       ||   161
         Steam dragon scal |       |       |       |   303 |       |       |       ||   303
         Troll leather arm |       |       |       |     3 |   364 |   432 |   599 ||  1398
  Dodge: Dodged            |    16 |    41 |    89 |   189 |   159 |   250 |   296 ||  1040
  Block: Other             |       |       |       |     5 |    45 |       |       ||    50
         Reflection        |       |       |       |       |     5 |    17 |       ||    22
         Buckler           |       |       |       |       |    73 |   192 |   159 ||   424

Table legend: (Time is in decaauts)
 A = Elapsed time spent in this place.
 B = Non-inter-level travel time spent in this place.
 C = Inter-level travel time spent in this place.
 D = Time resting spent in this place.
 E = Time spent auto-exploring this place.
 F = Levels seen in this place.
 G = Mean time per level.
                   A        B        C        D        E       F      G
               +--------+--------+--------+--------+--------+-----+--------+
         Total |  58997 |  56687 |   2310 |   1607 |  46878 |  40 | 1474.9 |
       Dungeon |  23108 |  22159 |    949 |    198 |  18851 |  15 | 1540.5 |
        Temple |     38 |      2 |     36 |      0 |      0 |   1 |   38.0 |
          Lair |   8863 |   8246 |    617 |    242 |   6854 |   5 | 1772.6 |
        Shoals |   7293 |   7116 |    177 |    382 |   6038 |   4 | 1823.2 |
   Spider Nest |   7135 |   6925 |    210 |    197 |   5843 |   4 | 1783.8 |
  Orcish Mines |   2947 |   2780 |    167 |    424 |   1971 |   2 | 1473.5 |
   Elven Halls |   5125 |   4973 |    152 |      0 |   4299 |   3 | 1708.3 |
         Abyss |   1211 |   1211 |      0 |      0 |    747 |   2 |  605.5 |
         Trove |     92 |     92 |      0 |      0 |     56 |   1 |   92.0 |
      Ice Cave |   1326 |   1326 |      0 |      0 |   1031 |   1 | 1326.0 |
        Wizlab |   1081 |   1081 |      0 |      0 |    816 |   1 | 1081.0 |
      Gauntlet |    773 |    773 |      0 |    164 |    372 |   1 |  773.0 |
               +--------+--------+--------+--------+--------+-----+--------+

Top non-repeatable levels by time:
    D:14: 2962 daAuts
    D:13: 2584 daAuts
  Lair:5: 2491 daAuts
Spider:1: 2441 daAuts
    D:15: 2140 daAuts
Shoals:2: 2134 daAuts
Shoals:4: 2082 daAuts
     D:3: 2053 daAuts
   Orc:1: 1964 daAuts
   Elf:2: 1940 daAuts
  Lair:4: 1850 daAuts
  Lair:3: 1716 daAuts
Spider:3: 1680 daAuts
   Elf:1: 1656 daAuts
Spider:4: 1552 daAuts
